IL
DURHAM BULLS @ ROUND ROCK EXPRESS
06/20/2048
 
TOP OF THE 1ST
Durham Bulls batting - Pitching for Round Rock Express : RHP Eric Richards
Pitching: RHP Eric Richards
Batting: RHB Jonathan Fraire 0-0: Ball
1-0: Ball
2-0: SINGLE (Line Drive, 56D, EV 95.0 MPH)
Batting: SHB Joey Pacheco 0-0: Called Strike
0-1: Called Strike
0-2: Ball
1-2: Ball
2-2: Strikes out swinging
Batting: LHB Davion Lewis 0-0: Swinging Strike
0-1: Ground out 4-3 (Groundball, 4S, EV 68.1 MPH)
Jonathan Fraire to second
Batting: RHB David Ward 0-0: Called Strike
0-1: Ball
1-1: Fly out, F4 (Popup, 4M, EV 58.1 MPH)
Top of the 1st over - 0 runs, 1 hit, 0 errors, 1 left on base; Durham 0 - Round Rock 0
BOTTOM OF THE 1ST
Round Rock Express batting - Pitching for Durham Bulls : RHP Eric Smith
Pitching: RHP Eric Smith
Batting: RHB C.J. Sagle 0-0: Called Strike
0-1: Fly out, F9 (Line Drive, 9, EV 106.2 MPH)
Batting: RHB Adryão Anto 0-0: Called Strike
0-1: Ball
1-1: Ball
2-1: Swinging Strike
2-2: Ground out 5-3 (Groundball, 56S, EV 92.5 MPH)
Batting: LHB Josh Stuck 0-0: SOLO HOME RUN (Flyball, 9D, EV 96.9 MPH), Distance : 371 ft
Batting: LHB Zion Davidson 0-0: Called Strike
0-1: Ground out 6-3 (Groundball, 4M, EV 106.2 MPH)
Bottom of the 1st over - 1 run, 1 hit, 0 errors, 0 left on base; Durham 0 - Round Rock 1
TOP OF THE 2ND
Durham Bulls batting - Pitching for Round Rock Express : RHP Eric Richards
Batting: LHB Jake Rheaume 0-0: DOUBLE (Flyball, 8RXD, EV 110.6 MPH)
Batting: RHB Sesto Carpini 0-0: Ball
1-0: Ball
2-0: Foul Ball, location: 2F
2-1: Foul Ball, location: 2F
2-2: Ground out 6-3 (Groundball, 6, EV 89.4 MPH)
Jake Rheaume to third
Batting: RHB Jose Arriola 0-0: Ball
1-0: Called Strike
1-1: Ground out 5-3 (Groundball, 5, EV 92.5 MPH)
Batting: RHB Kevin Benfield 0-0: Swinging Strike
0-1: Ball
1-1: Ball
2-1: DOUBLE (Groundball, 5L, EV 106.9 MPH)
Jake Rheaume scores
Batting: RHB Freddy Mullen 0-0: Ground out 5-3 (Groundball, 56S, EV 57.5 MPH)
Top of the 2nd over - 1 run, 2 hits, 0 errors, 1 left on base; Durham 1 - Round Rock 1
BOTTOM OF THE 2ND
Round Rock Express batting - Pitching for Durham Bulls : RHP Eric Smith
Batting: RHB Mike Quackenbush 0-0: SOLO HOME RUN (Flyball, 78XD, EV 99.4 MPH), Distance : 412 ft
Batting: RHB Martin Guerrero 0-0: Swinging Strike
0-1: Ball
1-1: Swinging Strike
1-2: Fly out, F8 (Flyball, 8RM, EV 79.4 MPH)
Batting: RHB Ivan Colon 0-0: Ball
1-0: Ball
2-0: SINGLE (Line Drive, 34, EV 104.4 MPH)
Batting: RHB Carlos Lopez 0-0: Foul Ball, location: 2F
0-1: Fielders Choice at 2nd, 5-4 (Groundball, 5, EV 79.4 MPH)
Batting: RHB Luis Arce 0-0: Ball
1-0: Called Strike
Carlos Lopez steals 2nd base (no throw)
1-1: Swinging Strike
1-2: Foul Ball, location: 2F
1-2: Ball
Wild Pitch!
Carlos Lopez to third
2-2: Foul Ball, location: 2F
2-2: Ball
3-2: Fly out, F8 (Line Drive, 8LM, EV 105.0 MPH)
Bottom of the 2nd over - 1 run, 2 hits, 0 errors, 1 left on base; Durham 1 - Round Rock 2
TOP OF THE 3RD
Durham Bulls batting - Pitching for Round Rock Express : RHP Eric Richards
Batting: RHB Jonathan Fraire 0-0: Called Strike
0-1: Ball
1-1: Ball
2-1: Ground out 6-3 (Groundball, 6, EV 86.9 MPH)
Batting: SHB Joey Pacheco 0-0: Ball
1-0: Ball
2-0: Foul Ball, location: 2F
2-1: Ball
3-1: Called Strike
3-2: Strikes out swinging
Batting: LHB Davion Lewis 0-0: SINGLE (Line Drive, 7S, EV 85.6 MPH)
Batting: RHB David Ward 0-0: Called Strike
0-1: Fielders Choice at 2nd, 6-4 (Groundball, 6, EV 88.8 MPH)
Top of the 3rd over - 0 runs, 1 hit, 0 errors, 1 left on base; Durham 1 - Round Rock 2
BOTTOM OF THE 3RD
Round Rock Express batting - Pitching for Durham Bulls : RHP Eric Smith
Batting: RHB C.J. Sagle 0-0: Foul Ball, location: 2F
0-1: Ball
1-1: Foul Ball, location: 2F
1-2: Hit by Pitch
Batting: RHB Adryão Anto 0-0: Called Strike
0-1: Called Strike
0-2: Foul Ball, location: 2F
0-2: Ball
1-2: Foul Ball, location: 2F
1-2: Strikes out looking
Batting: LHB Josh Stuck Pickoff Throw to First - Out! 1-3 CS
0-0: Foul Ball, location: 2F
0-1: Ball
1-1: Called Strike
1-2: Strikes out swinging
Bottom of the 3rd over - 0 runs, 0 hits, 0 errors, 0 left on base; Durham 1 - Round Rock 2
TOP OF THE 4TH
Durham Bulls batting - Pitching for Round Rock Express : RHP Eric Richards
Batting: LHB Jake Rheaume 0-0: Ground out U3 (Groundball, 3, EV 93.1 MPH)
Batting: RHB Sesto Carpini 0-0: Fly out, F4 (Line Drive, 4, EV 68.8 MPH)
Batting: RHB Jose Arriola 0-0: Called Strike
0-1: Ball
1-1: Ball
2-1: Called Strike
2-2: Strikes out swinging
Top of the 4th over - 0 runs, 0 hits, 0 errors, 0 left on base; Durham 1 - Round Rock 2
BOTTOM OF THE 4TH
Round Rock Express batting - Pitching for Durham Bulls : RHP Eric Smith
Batting: LHB Zion Davidson 0-0: Ball
1-0: Called Strike
1-1: Ground out 4-3 (Groundball, 34, EV 103.8 MPH)
Batting: RHB Mike Quackenbush 0-0: Ground out U3 (Groundball, 34S, EV 93.1 MPH)
Batting: RHB Martin Guerrero 0-0: Ball
1-0: Foul Ball, location: 2F
1-1: Called Strike
1-2: Foul Ball, location: 2F
1-2: Foul Ball, location: 2F
1-2: Foul Ball, location: 2F
1-2: Ball
2-2: Strikes out looking
Bottom of the 4th over - 0 runs, 0 hits, 0 errors, 0 left on base; Durham 1 - Round Rock 2
TOP OF THE 5TH
Durham Bulls batting - Pitching for Round Rock Express : RHP Eric Richards
Batting: RHB Kevin Benfield 0-0: Called Strike
0-1: Foul Ball, location: 2F
0-2: Foul Ball, location: 2F
0-2: Ball
1-2: Ball
2-2: Ground out 4-3 (Groundball, 4, EV 91.2 MPH)
Batting: RHB Freddy Mullen 0-0: Called Strike
0-1: Called Strike
0-2: Foul Ball, location: 2F
0-2: Foul Ball, location: 2F
0-2: Fly out, F9 (Flyball, 9S, EV 98.8 MPH)
Batting: RHB Jonathan Fraire 0-0: Called Strike
0-1: Ball
1-1: Foul Ball, location: 2F
1-2: Ball
2-2: Ground out 5-3 (Groundball, 56S, EV 90.6 MPH)
Top of the 5th over - 0 runs, 0 hits, 0 errors, 0 left on base; Durham 1 - Round Rock 2
BOTTOM OF THE 5TH
Round Rock Express batting - Pitching for Durham Bulls : RHP Eric Smith
Batting: RHB Ivan Colon 0-0: Ball
1-0: Ball
2-0: SINGLE (Line Drive, 6D, EV 103.1 MPH)
Batting: RHB Carlos Lopez 0-0: Grounds into double play, 6-4-3 (Groundball, 6, EV 85.6 MPH)
Batting: RHB Luis Arce 0-0: Ground out 1-3 (Groundball, 13S, EV 69.4 MPH)
Bottom of the 5th over - 0 runs, 1 hit, 0 errors, 0 left on base; Durham 1 - Round Rock 2
TOP OF THE 6TH
Durham Bulls batting - Pitching for Round Rock Express : RHP Eric Richards
Batting: SHB Joey Pacheco 0-0: Ball
1-0: Ground out 4-3 (Groundball, 34D, EV 106.2 MPH)
Batting: LHB Davion Lewis 0-0: Ball
1-0: Called Strike
1-1: Foul Ball, location: 2F
1-2: Ball
2-2: Strikes out swinging
Batting: RHB David Ward 0-0: Ball
1-0: Ball
2-0: Ground out U3 (Groundball, 3, EV 86.9 MPH)
Top of the 6th over - 0 runs, 0 hits, 0 errors, 0 left on base; Durham 1 - Round Rock 2
BOTTOM OF THE 6TH
Round Rock Express batting - Pitching for Durham Bulls : RHP Eric Smith
Batting: RHB C.J. Sagle 0-0: Called Strike
0-1: Swinging Strike
0-2: Ball
1-2: Ball
2-2: Ball
3-2: Base on Balls
Batting: RHB Adryão Anto 0-0: SINGLE (Line Drive, 4D, EV 113.1 MPH)
C.J. Sagle to second
Batting: LHB Josh Stuck 0-0: Ball
1-0: Called Strike
1-1: Fielders Choice at 2nd, 4-6 (Groundball, 4, EV 78.1 MPH)
C.J. Sagle to third
Batting: LHB Zion Davidson 0-0: 3-RUN HOME RUN (Flyball, 78XD, EV 99.4 MPH), Distance : 397 ft
Pitching: LHP Parker Martinet
Batting: RHB Mike Quackenbush 0-0: SINGLE (Line Drive, 7S, EV 105.0 MPH)
Batting: RHB Martin Guerrero 0-0: Swinging Strike
0-1: Swinging Strike
0-2: Ball
Mike Quackenbush is caught stealing 2nd base 2-4
1-2: Strikes out looking
Bottom of the 6th over - 3 runs, 3 hits, 0 errors, 0 left on base; Durham 1 - Round Rock 5
TOP OF THE 7TH
Durham Bulls batting - Pitching for Round Rock Express : RHP Eric Richards
Batting: LHB Jake Rheaume 0-0: Ball
1-0: Called Strike
1-1: Ball
2-1: Ball
3-1: Foul Ball, location: 2F
3-2: SINGLE (Line Drive, 56D, EV 98.8 MPH)
Batting: RHB Sesto Carpini 0-0: Ball
1-0: Foul Ball, location: 2F
1-1: Foul Ball, location: 2F
1-2: Ground out U3 (Groundball, 3S, EV 69.4 MPH)
Jake Rheaume to second
Batting: RHB Jose Arriola 0-0: Foul Ball, location: 2F
0-1: Ball
1-1: Called Strike
1-2: Ball
2-2: Ball
3-2: Base on Balls
Batting: RHB Kevin Benfield 0-0: Ball
1-0: Called Strike
1-1: Ball
2-1: Fly out, F8 (Flyball, 89D, EV 110.0 MPH)
Batting: RHB Freddy Mullen 0-0: Foul Ball, location: 2F
0-1: Ball
1-1: Foul Ball, location: 2F
1-2: SINGLE (Line Drive, 6D, EV 98.1 MPH)
Jake Rheaume to third
Jose Arriola to second
Runner from 3rd tries for Home, SAFE, throw by CF to home
Batting: RHB Jonathan Fraire 0-0: Ball
1-0: Ball
2-0: Fly out, F9 (Flyball, 9D, EV 90.6 MPH)
Top of the 7th over - 1 run, 2 hits, 0 errors, 2 left on base; Durham 2 - Round Rock 5
BOTTOM OF THE 7TH
Round Rock Express batting - Pitching for Durham Bulls : LHP Parker Martinet
Batting: RHB Ivan Colon 0-0: Called Strike
0-1: Foul Ball, location: 2F
0-2: Ground out 6-3 (Groundball, 6, EV 80.0 MPH)
Batting: RHB Carlos Lopez 0-0: DOUBLE (Groundball, 5L, EV 97.5 MPH)
Batting: RHB Luis Arce 0-0: Ground out 6-3 (Groundball, 6, EV 87.5 MPH)
Carlos Lopez to third
Batting: RHB C.J. Sagle 0-0: Called Strike
0-1: Ball
1-1: Called Strike
Steal of home, Carlos Lopez is out
Bottom of the 7th over - 0 runs, 1 hit, 0 errors, 0 left on base; Durham 2 - Round Rock 5
TOP OF THE 8TH
Durham Bulls batting - Pitching for Round Rock Express : RHP Eric Richards
Batting: SHB Joey Pacheco 0-0: Called Strike
0-1: Ball
1-1: SINGLE (Groundball, 3D, EV 93.8 MPH)
Pitching: RHP Mike Webb
Batting: LHB Davion Lewis 0-0: Ball
1-0: Foul Ball, location: 2F
1-1: Called Strike
1-2: Foul Ball, location: 2F
1-2: Strikes out swinging
Batting: RHB David Ward 0-0: Ball
1-0: Foul Ball, location: 2F
1-1: Fielders Choice at 2nd, 5-4 (Groundball, 56S, EV 88.1 MPH)
Batting: LHB Jake Rheaume 0-0: Called Strike
0-1: Ball
1-1: Ground out 4-3 (Groundball, 4, EV 101.2 MPH)
Top of the 8th over - 0 runs, 1 hit, 0 errors, 1 left on base; Durham 2 - Round Rock 5
BOTTOM OF THE 8TH
Round Rock Express batting - Pitching for Durham Bulls : LHP Parker Martinet
Batting: RHB C.J. Sagle 0-0: Called Strike
0-1: Swinging Strike
0-2: Strikes out swinging
Batting: RHB Adryão Anto 0-0: Called Strike
0-1: Ball
1-1: Called Strike
1-2: Ball
2-2: Ball
3-2: Strikes out swinging
Batting: LHB Josh Stuck 0-0: Ball
1-0: Ball
2-0: Called Strike
2-1: Ball
3-1: Base on Balls
Batting: LHB Zion Davidson 0-0: Ball
1-0: Foul Ball, location: 2F
1-1: Ball
2-1: Called Strike
2-2: Foul Ball, location: 2F
2-2: Ball
3-2: Strikes out looking
Bottom of the 8th over - 0 runs, 0 hits, 0 errors, 1 left on base; Durham 2 - Round Rock 5
TOP OF THE 9TH
Durham Bulls batting - Pitching for Round Rock Express : RHP Mike Webb
Pitching: RHP Steve Grier
Batting: RHB Sesto Carpini 0-0: Swinging Strike
0-1: Called Strike
0-2: Ball
1-2: Ball
2-2: Ball
3-2: Foul Ball, location: 2F
3-2: Foul Ball, location: 2F
3-2: DOUBLE (Groundball, 5L, EV 102.5 MPH)
Batting: RHB Jose Arriola 0-0: Foul Ball, location: 2F
0-1: Called Strike
0-2: Ball
1-2: Ground out 6-3 (Groundball, 6, EV 91.9 MPH)
Sesto Carpini to third
Batting: RHB Kevin Benfield 0-0: Ball
1-0: SINGLE (Groundball, 56D, EV 101.9 MPH)
Sesto Carpini scores
Pinch Hitting: SHB Brett McEwen 0-0: Ball
1-0: Called Strike
1-1: Fielders Choice at 2nd, 4-6 (Groundball, 34S, EV 91.2 MPH)
Batting: RHB Jonathan Fraire 0-0: Ball
1-0: Ball
2-0: Foul Ball, location: 2F
2-1: Ball
3-1: DOUBLE (Line Drive, 8LXD, EV 103.1 MPH)
Brett McEwen to third
Batting: SHB Joey Pacheco 0-0: Ball
1-0: Ball
2-0: Swinging Strike
2-1: Foul Ball, location: 2F
2-2: Foul Ball, location: 2F
2-2: Strikes out swinging
Top of the 9th over - 1 run, 3 hits, 0 errors, 2 left on base; Durham 3 - Round Rock 5
Tuesday, March 28th , 2023 - OOTP Baseball 23.10 Build 110